 Dungeon Sprint DCSS version 0.21-a0-286-g6fcecc0 (webtiles) character file.

1969 potatolord6000 the Thaumaturge (level 9, -15/45 HPs)
             Began as a Deep Elf Air Elementalist on Sept 26, 2017.
             Was a High Priest of Vehumet.
             Demolished by a deep troll (17 damage)
             ... in the Dungeon (Sprint VII: "The Pits").
             The game lasted 00:09:26 (1113 turns).

potatolord6000 the Thaumaturge (DEAE)               Turns: 1113, Time: 00:09:29

Health: -15/45     AC:  2    Str:  5    XL:     9   Next: 0%
Magic:  11/26      EV: 20    Int: 24    God:    Vehumet [*****.]
Gold:   0          SH:  0    Dex: 15    Spells: 21/31 levels left

rFire    . . .     SeeInvis .   e - +2 dagger (venom)
rCold    . . .     Gourm    .   (no shield)
rNeg     . . .     Faith    .   a - +0 robe
rPois    .         Spirit   .   (no helmet)
rElec    .         Reflect  .   (no cloak)
rCorr    .         Harm     .   (no gloves)
MR       .....     NoTele   +   (no boots)
Stlth    +++++.....             (no amulet)
HPRegen  0.15/turn              (no ring)
MPRegen  0.20/turn              (no ring)

@: no status effects
A: no striking features
a: Renounce Religion


You were in the Dungeon.
You worshipped Vehumet.
Vehumet was extremely pleased with you.
You were hungry.

You visited 1 branch

Inventory:

Hand Weapons
 e - a +2 dagger of venom (weapon)
Armour
 a - a +0 robe (worn)
Scrolls
 k - 3 scrolls of remove curse
 l - 5 scrolls of amnesia
Potions
 d - 6 potions of curing
 f - a potion of heal wounds
 g - a potion of magic
 j - a potion of invisibility
Books
 b - a book of Air

   Spells                             Type                      Level
   a - Shock                          Conjuration/Air              1
   b - Swiftness                      Charms/Air                   2
   c - Static Discharge               Conjuration/Air              3
   d - Airstrike                      Air                          4
   e - Lightning Bolt                 Conjuration/Air              5
Comestibles
 c - 8 bread rations
 n - 40 fruits
 o - 5 meat rations


   Skills:
 + Level 11.1 Dodging
 + Level 11.8 Stealth
 + Level 11.9 Spellcasting
 + Level 9.9 Conjurations
 + Level 9.7 Air Magic


You had 21 spell levels left.
You knew the following spells:

 Your Spells              Type           Power        Failure   Level  Hunger
a - Shock                 Conj/Air       ####         1%          1    None
b - Magic Dart            Conj           ####         1%          1    None
c - Static Discharge      Conj/Air       ######..     1%          3    None
d - Lightning Bolt        Conj/Air       ######....   1%          5    ###....


Dungeon Overview and Level Annotations

Branches:
Dungeon (1/1)

Altars:
Ashenzari
Cheibriados
Dithmenos
Elyvilon
Fedhas
Gozag
Hepliaklqana
Kikubaaqudgha
Makhleb
Nemelex Xobeh
Okawaru
Qazlal
Ru
Sif Muna
Trog
Uskayaw
Vehumet
Wu Jian
Xom
Yredelemnul
Zin
The Shining One
Beogh
Jiyva
Lugonu


Message History

Unknown command.
Unknown command.
Casting: Lightning Bolt
Confirm with . or Enter, or press ? or * to list all spells.
Aiming: Lightning Bolt
Press: ? - help, Shift-Dir - straight line, f/p - deep troll
Aim: a deep troll (moderately wounded)
You hear a mighty clap of thunder!
The bolt of lightning misses the deep troll.
The deep troll bites you!
The deep troll completely misses you. x2
Unknown command.
Unknown command.
Casting: Lightning Bolt
Confirm with . or Enter, or press ? or * to list all spells.
The deep troll is struck by lightning.
The deep troll is heavily wounded.
The lightning grounds out.
The deep troll bites you!
* * * LOW HITPOINT WARNING * * *
The deep troll misses you. The deep troll claws you!
You die...

#.#####'#####...<...#
#.#...)))[.##.......#
#.#...)))[.##.......#
#'###########.......#
#.......#..##########
#..###..#.# ###
#.......#)# ...#
##.###.##'#....#
#.......#@T....+
#.)###..#'#....#
#.......'.# ...#
########### ###


You could see a deep troll.

Vanquished Creatures
  A sea snake (D)
  A deep elf mage (D)
  Grinder (D)
  A fire bat (D)
  A hungry ghost (D)
  A steam dragon (D)
  A porcupine (D)
  A floating eye (D)
  A sky beast (D)
  A bullfrog (D)
  A gnoll shaman (D)
  A worker ant (D)
  4 gnolls (D)
  An ufetubus (D)
  2 oozes (D)
  A bat (D)
  A goblin (D)
  3 jackals (D)
  A frilled lizard (D)
  A leopard gecko zombie (D)
  3 rats (D)
29 creatures vanquished.

Notes
Turn   | Place    | Note
-------+----------+-------------------------------------------
     0 | D        | potatolord6000 the Deep Elf Air Elementalist began the quest for the Orb.
     0 | D        | Reached XP level 1. HP: 10/10 MP: 6/6
    11 | D        | Noticed a worker ant
    33 | D        | Killed a worker ant
    33 | D        | Reached XP level 2. HP: 13/15 MP: 5/9
    76 | D        | Found a bloodstained altar of Trog.
    76 | D        | Found a deep blue altar of Sif Muna.
    76 | D        | Found a viscous altar of Jiyva.
    76 | D        | Found a hazy altar of Hepliaklqana.
    76 | D        | Found an opulent altar of Gozag.
    77 | D        | Found a glowing golden altar of the Shining One.
    77 | D        | Found a glowing silver altar of Zin.
    77 | D        | Found a basalt altar of Yredelemnul.
    77 | D        | Found a shimmering altar of Xom.
    77 | D        | Found an ornate altar of the Wu Jian Council.
    77 | D        | Found a sacrificial altar of Ru.
    77 | D        | Found a stormy altar of Qazlal.
    77 | D        | Found an iron altar of Okawaru.
    77 | D        | Found a sparkling altar of Nemelex Xobeh.
    77 | D        | Found a burning altar of Makhleb.
    77 | D        | Found a blossoming altar of Fedhas.
    77 | D        | Found a white marble altar of Elyvilon.
    77 | D        | Found a shadowy altar of Dithmenos.
    77 | D        | Found a snail-covered altar of Cheibriados.
    79 | D        | Found a radiant altar of Vehumet.
    79 | D        | Found a corrupted altar of Lugonu.
    79 | D        | Found a roughly hewn altar of Beogh.
    80 | D        | Found a hide-covered altar of Uskayaw.
    80 | D        | Found an ancient bone altar of Kikubaaqudgha.
    80 | D        | Found a shattered altar of Ashenzari.
    87 | D        | Became a worshipper of Vehumet
   300 | D        | Reached * piety under Vehumet
   300 | D        | Offered knowledge of Magic Dart by Vehumet.
   328 | D        | Learned a level 1 spell: Magic Dart
   332 | D        | Reached XP level 3. HP: 19/19 MP: 5/10
   389 | D        | Reached ** piety under Vehumet
   391 | D        | Offered knowledge of Sting by Vehumet.
   414 | D        | Reached skill level 5 in Stealth
   414 | D        | Reached skill level 5 in Spellcasting
   415 | D        | Reached *** piety under Vehumet
   415 | D        | Reached XP level 4. HP: 10/24 MP: 3/13
   615 | D        | Offered knowledge of Stone Arrow by Vehumet.
   616 | D        | Reached skill level 5 in Dodging
   616 | D        | Reached skill level 5 in Air Magic
   627 | D        | Learned a level 3 spell: Static Discharge
   675 | D        | Noticed a floating eye
   677 | D        | Noticed a sky beast
   677 | D        | Paralysed by a floating eye for 4 turns
   684 | D        | Killed a floating eye
   684 | D        | Reached **** piety under Vehumet
   684 | D        | Reached skill level 5 in Conjurations
   684 | D        | Reached XP level 5. HP: 28/28 MP: 12/16
   696 | D        | Killed a sky beast
   696 | D        | Reached XP level 6. HP: 32/32 MP: 5/18
   751 | D        | Learned a level 5 spell: Lightning Bolt
   756 | D        | Noticed a fire bat
   757 | D        | Killed a fire bat
   758 | D        | Noticed a deep elf mage
   759 | D        | Killed a deep elf mage
   759 | D        | Reached ***** piety under Vehumet
   759 | D        | Reached skill level 10 in Stealth
   759 | D        | Reached skill level 10 in Spellcasting
   759 | D        | Reached XP level 7. HP: 36/36 MP: 3/22
   873 | D        | Noticed a hungry ghost
   886 | D        | Killed a hungry ghost
   886 | D        | Offered knowledge of Mephitic Cloud by Vehumet.
   914 | D        | Noticed a sea snake
   936 | D        | Killed a sea snake
   936 | D        | Reached skill level 10 in Dodging
   936 | D        | Reached XP level 8. HP: 41/41 MP: 17/25
   977 | D        | Noticed Grinder
   988 | D        | Killed Grinder
  1104 | D        | Noticed a deep troll
  1107 | D        | Offered knowledge of Fulminant Prism by Vehumet.
  1108 | D        | Reached XP level 9. HP: 45/45 MP: 6/26
  1113 | D        | HP: 2/45 [deep troll (15)]
  1113 | D        | Demolished by a deep troll

Vault maps used:
D:        pitsprint

Skill      XL: |  1  2  3  4  5  6  7  8 |
---------------+-------------------------+-----
Dodging        | 3 4 6 7 9 10 11 | 11.1
Stealth        | 4 5 6 7 10 11 | 11.8
Spellcasting   | 4 5 7 10 11 | 11.9
Conjurations   | 2 3 5 6 8 9 |  9.9
Air Magic      | 4 6 8 9 |  9.7

Action                   |  1- 3 |  4- 6 |  7- 9 || total
-------------------------+-------+-------+-------++-------
Melee: Unarmed           |     4 |       |       ||     4
       Dagger            |    12 |     1 |       ||    13
 Cast: Shock             |    16 |    14 |     5 ||    35
       Magic Dart        |     8 |    10 |    13 ||    31
       Lightning Bolt    |       |     2 |    20 ||    22
       Static Discharge  |       |       |     2 ||     2
  Use: Potion            |     4 |     3 |     7 ||    14
       Scroll            |       |       |     2 ||     2
  Eat: Meat ration       |       |       |     2 ||     2
Armor: Robe              |       |     4 |     2 ||     6
Dodge: Dodged            |    15 |     5 |    22 ||    42

Table legend:
 A = Spawn XP
 B = Non-spawn XP
 C = Spawn XP percentage of total XP
 D = Spawn monster count
 E = Non-spawn monster count
 F = Spawn count percentage of total count
 G = Total turns spent on level
                    A         B        C        D         E        F      G
               +---------+---------+-------+---------+---------+-------+---------
         Total |       0 |    2813 |   0.0 |       0 |      29 |   0.0 |  1113
               +---------+---------+-------+---------+---------+-------+---------
             D |       0 |    2813 |   0.0 |       0 |      29 |   0.0 |  1113
               +---------+---------+-------+---------+---------+-------+---------
